 Dungeon Crawl Stone Soup version 0.30.0-10-gfe55d96785 (webtiles) character file.

Game seed: 6291723515838964428

6336 Twinkles the Fighter (level 10, -1/96 HPs)
             Began as a Naga Reaver on May 14, 2023.
             Was a High Priest of Sif Muna.
             Slain by a gnoll sergeant
             ... wielding a +0 spear
              (7 damage)
             ... on level 10 of the Dungeon on May 15, 2023.
             The game lasted 00:47:37 (9287 turns).

Twinkles the Fighter (Naga Reaver)                  Turns: 9287, Time: 00:47:38

Health: -1/96      AC: 15    Str: 18    XL:     10   Next: 96%
Magic:  14/14      EV:  8    Int: 14    God:    Sif Muna [*****.]
Gold:   822        SH: 11    Dex: 14    Spells: 12/13 levels left

rFire   + . .        b - +2 sling (drain)
rCold   . . .        m - +2 kite shield
rNeg    . . .        e - +3 ring mail of Wolirr {Str+4}
rPois   +            (no helmet)
rElec   .            s - +0 cloak
rCorr   .            (no gloves)
SInv    +            (no barding)
Will    +....        (no amulet)
Stlth   ++           l - +4 ring of protection
HPRegen 0.36/turn    t - ring of protection from fire
MPRegen 0.14/turn

%: no passive effects
@: very slow
A: AC +3, large, see invisible, deformed body, poison resistance, slowness 2,
spit poison 1, naga tail 1
a: Spit Poison, Renounce Religion, Channel Magic, Forget Spell, Divine Exegesis


You were on level 10 of the Dungeon.
You worshipped Sif Muna.
Sif Muna was extremely pleased with you.
You visited 1 branch of the dungeon, and saw 10 of its levels.
You also visited: Bailey.

You collected 823 gold pieces.
You spent 1 gold pieces at shops.

Inventory:

Hand Weapons
 a - a +0 vampiric short sword
 b - a +2 sling of draining (weapon)
 g - a +0 dagger of freezing
 x - a -1 hand crossbow of chaos
 y - a +2 antimagic dagger
Missiles
 h - a curare-tipped dart
 z - a throwing net
Armour
 c - a +0 leather armour
 e - the +3 ring mail of Wolirr (worn) {Str+4}
   (You found it on level 3 of the Dungeon)

   Str:       It affects your strength (+4).
 m - a +2 kite shield (worn)
 s - a +0 cloak (worn)
Jewellery
 l - a +4 ring of protection (left hand)
 t - a ring of protection from fire (right hand)
Wands
 i - a wand of iceblast (2)
 p - a wand of paralysis (11)
 q - a wand of flame (2)
Scrolls
 k - a scroll of vulnerability {unknown}
 n - a scroll of enchant weapon {unknown}
 u - a scroll of poison {unknown}
 v - a scroll of immolation {unknown}
 w - a scroll of enchant armour {unknown}
 D - a scroll of blinking
 S - a scroll of summoning
 Y - 3 scrolls of teleportation
Potions
 d - a potion of haste {unknown}
 f - 2 potions of attraction {unknown}
 j - 2 potions of flight {unknown}
 o - 2 potions of magic {unknown}
 r - 2 potions of brilliance {unknown}
 A - a potion of invisibility {unknown}
 J - a potion of curing
 P - 3 potions of lignification
 U - 6 potions of mutation


   Skills:
 + Level 8.1 Fighting
 - Level 3.7 Short Blades
 + Level 6.8 Ranged Weapons
 + Level 6.1 Armour
 - Level 3.0 Dodging
 - Level 5.0 Stealth
 + Level 5.0 Shields
 - Level 2.0 Spellcasting
 - Level 3.0 Conjurations
 + Level 5.7 Invocations


You had 12 spell levels left.
You knew the following spells:

 Your Spells              Type           Power      Damage    Failure   Level
a - Kiss of Death         Conj/Necr      20%        2d7       45%         1

Your spell library contained the following spells:

 Spells                   Type           Power      Damage    Failure   Level
 Momentum Strike          Conj/Tloc      10%        3d8       61%         2
 Static Discharge         Conj/Air       10%        2-3/arc   61%         2
 Apportation              Tloc           2%         N/A       67%         1
 Necrotise                Necr           4%         1d4       67%         1
 Summon Small Mammal      Summ           4%         N/A       67%         1
 Cigotuvi's Dreadful Rot  Necr/Pois/Air  2%         N/A       82%         2
 Ensorcelled Hibernation  Hex/Ice        2%         N/A       82%         2
 Hailstorm                Conj/Ice       5%         3d4       83%         3
 Confusing Touch          Hex            1%         N/A       96%         3
 Spider Form              Tmut/Pois      1%         N/A       96%         3
 Vampiric Draining        Necr           1%         2d6       96%         3
 Vhi's Electric Charge    Tloc/Air       2%         N/A       96%         3
 Airstrike                Air            0%         2d(1-17)  100%        4
 Anguish                  Hex/Necr       0%         N/A       100%        4
 Dispel Undead            Necr           1%         3d6       100%        4
 Summon Lightning Spire   Summ/Air       1%         N/A       100%        4
 Agony                    Necr           1%         N/A       100%        5
 Arcjolt                  Conj/Air       2%         1d12      100%        5
 Blade Hands              Tmut           0%         N/A       100%        5
 Irradiate                Conj/Tmut      2%         3d12      100%        5
 Death Channel            Necr           0%         N/A       100%        6
 Dragon Form              Tmut           0%         N/A       100%        7
 Malign Gateway           Summ/Tloc      0%         N/A       100%        7
 Maxwell's Capacitive Co  Air            0%         ∞         100%        8
 Summon Horrible Things   Summ           0%         N/A       100%        8


Dungeon Overview and Level Annotations

Branches:
Dungeon (10/15) Zot: 26904  Temple (0/1) D:6          Bailey (visited)
   Lair: D:8-11         Orc: D:9-12

Altars:
Dithmenos
Hepliaklqana
Sif Muna
Trog
Uskayaw

Shops:
D:5 *   D:6 (

Annotations:
D:4 Natasha
D:5 2 transporters, RascalDebosk's ghost, novice DjFE
D:6 4 exclusions


Innate Abilities, Weirdness & Mutations

Your serpentine skin is tough. (AC +3)
You have supernaturally acute eyesight. (SInv)
Armour fits poorly on your strangely shaped body.
Your system is resistant to poisons. (rPois)
You cover ground very slowly.
You can spit poison.
You have a snake-like lower body.


Message History

You kill the orc priest!
Sif Muna accepts your kill.
You shoot a sling bullet.
The sling bullet hits the orc warrior but does no damage.
You drain the orc warrior.
The orc warrior is heavily wounded.
The orc warrior hits you but does no damage.
You block the orc warrior's attack.
You shoot a sling bullet.
The sling bullet hits the orc warrior but does no damage.
The orc warrior is heavily wounded.
You have got your breath back.
A gnoll sergeant comes into view. It is wielding a +0 spear.
The orc warrior hits you with a +0 short sword.
* * * LOW HITPOINT WARNING * * *
Aiming: Spit Poison (1% risk of failure)
Press: ? - help, Q - select action, (/) - cycle Shift-Dir - straight line, f - gnoll sergeant, p - orc warrior
Aim: a gnoll sergeant, wielding a +0 spear and wearing a +0 ring mail (74% to hit)
The splash of poison misses the orc warrior.
The splash of poison hits the gnoll sergeant.
The gnoll sergeant is poisoned.
The gnoll sergeant is lightly wounded.
The gnoll sergeant hits you from afar with a +0 spear.
* * * LOW HITPOINT WARNING * * *
The orc warrior hits you with a +0 short sword.
* * * LOW HITPOINT WARNING * * *
You shoot a sling bullet.
The sling bullet hits the orc warrior but does no damage.
The orc warrior is heavily wounded.
The gnoll sergeant hits you from afar with a +0 spear!
* * * LOW HITPOINT WARNING * * *
The orc warrior closely misses you.
You shoot a sling bullet.
The sling bullet hits the orc warrior but does no damage.
The orc warrior is heavily wounded.
You have got your breath back.
An orc priest comes into view. It is wielding a +0 short sword.
The orc warrior hits you but does no damage.
The gnoll sergeant hits you from afar with a +0 spear!
You die...

../ #.# . #..#
#.# ..##...
#.# .......
#.# .......
#.# #..o.##
#.# #...g)#
#.###### #o#
#..##..#
#@#####....<##
#..##......##
##....###.<#
#..### #..#
#....### #..#
#...# #..#
...## ##.. .#
#..# #..


You could see an orc warrior (very drained), a gnoll sergeant (poisoned) and an
orc priest.

Vanquished Creatures
  A boulder beetle (D:9)
  Pikel (D:9)
  2 kobold demonologists (D:9)
  A troll (D:9)
  A wyvern (D:9)
  A human (D:10)
  A warg (D:10)
  3 water moccasins
  A black bear (D:8)
  2 ice beasts
  2 orc warriors (D:9)
  A sky beast (D:4)
  2 centaurs
  2 phantoms
  2 kobold brigands
  A gnoll sergeant (D:9)
  4 bullfrogs
  2 scorpions (D:5)
  6 wights
  4 killer bees (D:8)
  2 howler monkeys (D:7)
  14 orc priests
  4 hounds
  A jelly (D:5)
  A gnoll bouda (D:5)
  11 orc wizards
  2 sleepcaps
  3 iguanas
  12 gnolls
  9 adders
  A shadow imp (D:4)
  2 ufetubi
  4 worms
  3 dart slugs
  39 orcs
  5 ball pythons
  4 bats
  3 giant cockroaches
  8 goblins
  11 hobgoblins
  13 jackals
  7 quokkas
  3 frilled lizards
  17 kobolds
  6 rats
225 creatures vanquished.

Vanquished Creatures (collateral kills)
  A steam dragon (D:8)
1 creature vanquished.

Vanquished Creatures (others)
  Erica (D:10)
1 creature vanquished.

Grand Total: 227 creatures vanquished

Notes
Turn   | Place    | Note
-------+----------+-------------------------------------------
     0 | D:1      | Twinkles the Naga Reaver began the quest for the Orb.
     0 | D:1      | Reached XP level 1. HP: 19/19 MP: 3/3
   195 | D:1      | Found a faded altar of an unknown god.
   201 | D:1      | Prayed at the altar of an unknown god.
   201 | D:1      | Became a worshipper of Sif Muna the Loreminder
   201 | D:1      | Reached * piety under Sif Muna
   458 | D:1      | HP: 6/19 [hobgoblin (2)]
   565 | D:1      | Reached XP level 2. HP: 25/26 MP: 5/5
   660 | D:1      | Reached skill level 1 in Stealth
   990 | D:2      | You fall into a shaft and drop 1 floor!
  1027 | D:3      | Reached XP level 3. HP: 33/33 MP: 6/6
  1306 | D:3      | Reached XP level 4. HP: 33/40 MP: 7/7
  2030 | D:2      | Reached ** piety under Sif Muna
  2280 | D:3      | Identified the +3 ring mail of Wolirr {Str+4}
  2593 | D:3      | Reached skill level 3 in Fighting
  2662 | D:4      | Reached XP level 5. HP: 49/49 MP: 8/8
  2747 | D:4      | Noticed a phantom
  2756 | D:4      | Killed a phantom
  2757 | D:4      | Reached skill level 1 in Ranged Weapons
  2825 | D:4      | Reached XP level 6. HP: 56/56 MP: 9/9
  2907 | D:4      | Found a hazy altar of Hepliaklqana.
  2907 | D:4      | Noticed Natasha
  2949 | D:4      | Reached skill level 1 in Armour
  3163 | D:4      | Found a bloodstained altar of Trog.
  3208 | D:4      | Noticed a sky beast
  3216 | D:4      | Killed a sky beast
  3271 | D:5      | Entered Level 5 of the Dungeon
  3271 | D:5      | Noticed a water moccasin
  3314 | D:4      | Reached XP level 7. HP: 63/63 MP: 10/10
  3385 | D:5      | Reached *** piety under Sif Muna
  3435 | D:5      | Reached skill level 4 in Fighting
  3435 | D:5      | Reached skill level 5 in Stealth
  3448 | D:5      | Found Neul Vup's Lightly-Used Armoury.
  3456 | D:5      | Bought a -1 hand crossbow for 1 gold piece
  3474 | D:5      | Found a transporter.
  3615 | D:5      | Found a transporter.
  3618 | D:5      | Noticed RascalDebosk's ghost (novice DjFE)
  3709 | D:5      | Reached XP level 8. HP: 31/73 MP: 11/11
  3721 | D:5      | Reached skill level 5 in Fighting
  4429 | D:6      | Found Veitt's Weapon Shoppe.
  4523 | D:5      | HP: 18/67 [wight/+4 hand axe of freezing (8)]
  4528 | D:5      | HP: 22/65 [wight/+4 hand axe of freezing (5)]
  4696 | D:6      | Found a staircase to the Ecumenical Temple.
  4961 | D:6      | Reached skill level 1 in Shields
  5008 | D:6      | Reached skill level 6 in Fighting
  5101 | D:6      | Reached **** piety under Sif Muna
  5122 | D:6      | Reached XP level 9. HP: 62/82 MP: 12/12
  5265 | D:6      | Reached skill level 1 in Invocations
  5824 | D:7      | Reached skill level 5 in Ranged Weapons
  6104 | D:7      | Found a hide-covered altar of Uskayaw.
  6117 | D:7      | Found a shadowy altar of Dithmenos.
  6310 | D:8      | Found a flagged portal.
  6316 | Bailey   | Entered a bailey
  6348 | Bailey   | HP: 23/85 [orc warrior/bolt (12)]
  6353 | Bailey   | HP: 13/85 [orc warrior/bolt (8)]
  6354 | Bailey   | HP: 6/85 [orc warrior/bolt (7)]
  6355 | Bailey   | HP: 2/85 [orc warrior/bolt (4)]
  6847 | D:8      | HP: 21/85 [orc priest/divine providence (15)]
  7071 | D:8      | Identified the orb of Xuoleh {*Rage, Str+3}
  7456 | D:8      | Reached skill level 5 in Armour
  7507 | D:9      | Noticed a troll
  7527 | D:9      | Killed a troll
  7528 | D:9      | Reached skill level 7 in Fighting
  7632 | D:9      | HP: 26/79 [wight/+7 mace (5)]
  7635 | D:9      | Reached XP level 10. HP: 20/87 MP: 13/13
  7909 | D:9      | Noticed a kobold demonologist
  7911 | D:9      | Noticed a kobold demonologist
  7922 | D:9      | Noticed a soul eater
  7929 | D:9      | Noticed an orange demon
  7932 | D:9      | Noticed an orange demon
  7945 | D:9      | Reached ***** piety under Sif Muna
  8504 | D:9      | Noticed a boulder beetle
  8520 | D:9      | Killed a boulder beetle
  8520 | D:9      | Received a gift from Sif Muna
  8547 | D:9      | Noticed an orange demon
  8760 | D:9      | Noticed a sun demon
  8770 | D:9      | Killed a kobold demonologist
  8771 | D:9      | Reached skill level 5 in Invocations
  8781 | D:9      | Noticed a smoke demon
  8782 | D:9      | Killed a kobold demonologist
  8950 | D:9      | Noticed Pikel
  8964 | D:9      | Paralysed by Pikel for 2 turns
  8969 | D:9      | Killed Pikel
  9213 | D:10     | Entered Level 10 of the Dungeon
  9236 | D:10     | Noticed Erica
  9253 | D:10     | HP: 33/96 [Erica/+4 scimitar of flaming (1)]
  9257 | D:10     | HP: 16/96 [Erica/+4 scimitar of flaming (5)]
  9260 | D:10     | Killed Erica
  9261 | D:10     | Reached skill level 8 in Fighting
  9262 | D:10     | HP: 23/96 [orc priest/divine providence (14)]
  9272 | D:10     | Reached skill level 5 in Shields
  9273 | D:10     | HP: 25/96 [warg (4)]
  9284 | D:10     | HP: 16/96 [orc warrior/+0 short sword (2)]
  9286 | D:10     | HP: 5/96 [gnoll sergeant/+0 spear (7)]
  9287 | D:10     | Slain by a gnoll sergeant

Illustrated notes

Levels and vault maps discovered:
D:1:      lemuel_arrival_behind_the_door_large, layout_rooms,
          basic_ecumenical_altar, kennysheep_decorative_pillar
D:2:      minmay_chambers_of_twos, layout_loops_cross, nrook_mini_backslash,
          fountainhead, chequers_serial_rivers_large_b
D:3:      layout_basic, small_statue_intersection,
          minmay_misc_feat_secret_circle, kennysheep_generic_room_16
D:4:      layout_rooms, trog_book, nicolae_hepliaklqana_hippocampus,
          uniq_natasha
D:5:      layout_basic, gammafunk_ghost_mausoleum, minmay_misc_feat_pillars,
          minmay_shop_damaged
D:6:      nicolae_cairo_tiling_large_dashed, layout_gridville,
          minmay_temple_entry_large_hall, gup_sewer_entry_bowl, serial_shops,
          nicolae_shop_hallway_stairs
D:7:      layout_loops_cross, amethyst_overflow_temple_binary
D:8:      layout_loops_cross, enter_bailey_3
D:9:      layout_irregular_city, uniq_pikel
D:10:     layout_cave_pods, lair_entry_dummy, erik_orc_4, uniq_erica

Skill      XL: |  1  2  3  4  5  6  7  8  9 10 |
---------------+-------------------------------+-----
Stealth        | 1 2 3 4 5 |  5.0
Dodging        | 2 3 |  3.0
Fighting       | 3 4 6 7 8 |  8.1
Ranged Weapons | 1 3 4 5 6 |  6.8
Armour         | 1 2 4 5 6 |  6.1
Shields        | 1 3 5 |  5.0
Invocations    | 3 5 |  5.7
Short Blades   | |  3.7
Spellcasting   | |  2.0
Conjurations   | |  3.0

Action                     |  1- 3 |  4- 6 |  7- 9 | 10-12 || total
---------------------------+-------+-------+-------+-------++-------
  Melee: Short sword       |   105 |    57 |       |       ||   162
         Dagger            |    35 |       |       |       ||    35
         Punch             |     1 |       |       |       ||     1
         Sling             |       |       |     3 |     3 ||     6
   Fire: Sling             |       |    94 |   455 |   191 ||   740
Ability: Spit Poison       |    22 |    38 |    76 |    43 ||   179
  Evoke: Wand              |       |       |     2 |       ||     2
    Use: Scroll            |       |     3 |     8 |     2 ||    13
         Potion            |       |       |     2 |     1 ||     3
   Stab: Sleeping          |       |     1 |       |       ||     1
 Armour: Leather armour    |     8 |       |       |       ||     8
         Ring mail         |    43 |    77 |   299 |    86 ||   505
  Dodge: Dodged            |    65 |    71 |   216 |    69 ||   421
  Block: Kite shield       |       |       |   160 |   136 ||   296
